[Event "Titled Tuesday Blitz April 12 Early 2022"]
[White "Ibadov, Dashgyn"]
[Black "Adelman, Charles"]
[WhiteFideId "24107514"]
[BlackFideId "2003597"]
[WhiteElo "2138"]
[BlackElo "2387"]
[Result "0-1"]
[Round "11"]
[TimeControl "180+1"]
[Date "2022.04.13"]
[WhiteClock "0:00:17"]
[BlackClock "0:00:13"]

1. e4 e5 2. Nf3 d6 3. d4 Nf6 4. Nc3 Nbd7 5. Bc4 Be7 6. O-O O-O 7. Re1 c6 8. a4 a5 9. b3 exd4 10. Nxd4 Ne5 11. Bf1 Ng6 12. g3 Re8 13. Bg2 Bf8 14. h3 d5 15. exd5 Rxe1+ 16. Qxe1 cxd5 17. Bb2 Bb4 18. Qe3 Ra6 19. Rd1 Be6 20. Ndb5 Rc6 21. Nd4 Ra6 22. Nxe6 fxe6 23. Ne4 Qe7 24. Nxf6+ gxf6 25. Re1 Kf7 26. Qh6 Kg8 27. Bxd5 Bxe1 28. Bc4 Rc6 29. h4 Rxc4 30. bxc4 Qc5 31. Qe3 Qxe3 32. fxe3 Bxg3 33. Bxf6 Bxh4 34. Bc3 Kf7 35. Bxa5 Ne5 36. c5 Nc4 37. Bc7 Nxe3 38. a5 Be7 39. Bb6 Nc4 40. Kg2 Nxb6 41. cxb6 Bb4 42. a6 bxa6 43. b7 Bd6 0-1


[Site "https://www.chess.com"]

[Event "Titled Tuesday Blitz April 12 Early 2022"]
[White "Jakubowska, Anna"]
[Black "Ljukin, Sergei"]
[WhiteFideId "1121952"]
[BlackFideId "14102200"]
[WhiteElo "1924"]
[BlackElo "2312"]
[Result "1-0"]
[Round "11"]
[TimeControl "180+1"]
[Date "2022.04.13"]
[WhiteClock "0:00:07"]
[BlackClock "0:00:01"]

1. e4 e6 2. d4 d5 3. Nd2 Nf6 4. e5 Nfd7 5. Bd3 c5 6. c3 Nc6 7. Ne2 cxd4 8. cxd4 f6 9. exf6 Qxf6 10. Nf3 h6 11. O-O Bd6 12. Be3 O-O 13. a3 Rd8 14. Rc1 Nf8 15. Bb1 Bd7 16. Qd2 Be8 17. Bf4 Bh5 18. Bxd6 Rxd6 19. Rc3 Re8 20. Nf4 Bxf3 21. Rxf3 Nxd4 22. Rg3 Nf5 23. Nh5 Qf7 24. Bxf5 Qxh5 25. Bg4 Qf7 26. Qxh6 gxh6 27. Bxe6+ Kh7 28. Bxf7 Re7 29. Bg8+ Kh8 30. Rd1 Ng6 31. h4 Nf4 32. Rg4 Ne2+ 33. Kh2 d4 34. Bc4 h5 35. Rg5 Nf4 36. g3 Ne2 37. Rxh5+ Kg7 38. Rg5+ Kf6 39. Rg8 a6 40. Rb8 b5 41. Bd3 Rc6 42. Bxe2 Rxe2 43. Rxd4 Rxf2+ 44. Kh3 Rxb2 45. Rf8+ Kg7 46. Rff4 Rb3 47. a4 bxa4 48. Rxa4 Rcc3 49. Rg4+ Kh7 50. Rxa6 Rc1 51. Rf4 Rb7 52. Raf6 Rc3 53. Rf7+ 1-0


[Site "https://www.chess.com"]

[Event "Titled Tuesday Blitz April 12 Early 2022"]
[White "Janaszak, Dawid"]
[Black "Bintang, Rasyid A. Hidayat"]
[WhiteFideId "1119206"]
[BlackFideId "7105355"]
[WhiteElo "2199"]
[BlackElo "2417"]
[Result "1-0"]
[Round "11"]
[TimeControl "180+1"]
[Date "2022.04.13"]
[WhiteClock "0:00:35"]
[BlackClock "0:00:04"]

1. d4 d5 2. Bf4 c5 3. e4 dxe4 4. d5 Nf6 5. Nc3 a6 6. Qe2 b5 7. O-O-O Bb7 8. Nxe4 Nxe4 9. Qxe4 Nd7 10. Qe1 g6 11. Qc3 Rg8 12. Nf3 Bg7 13. Qe1 Nf6 14. d6 Nd5 15. dxe7 Qxe7 16. Qd2 O-O-O 17. Re1 Qf6 18. Be5 Qf5 19. Bxg7 Rxg7 20. Bd3 Qf4 21. Be4 Qxd2+ 22. Nxd2 f5 23. Bf3 Rgd7 24. Re5 Nb4 25. Rxc5+ Kb8 26. Bxb7 Kxb7 27. Nb3 Nxa2+ 28. Kb1 Nb4 29. Re5 Rd1+ 30. Rxd1 Rxd1+ 31. Nc1 Rd7 32. b3 Nc6 33. Re2 Nd4 34. Rd2 Kc7 35. Nd3 Ne6 36. Kc1 Ng5 37. f3 Ne6 38. Re2 Nd4 39. Re3 Nc6 40. Nc5 Rd5 41. Ne6+ Kd6 42. Nf8 Re5 43. Rd3+ Ke7 44. Nxh7 Nb4 45. Rd2 Re1+ 46. Kb2 Rh1 47. h3 Nc6 48. Ng5 Ne5 49. f4 Kf6 50. Rd6+ Ke7 51. fxe5 1-0


[Site "https://www.chess.com"]

[Event "Titled Tuesday Blitz April 12 Early 2022"]
[White "Jaskolka, Tomasz"]
[Black "Agasarov, Benik"]
[WhiteFideId "1170791"]
[BlackFideId "13314823"]
[WhiteElo "2073"]
[BlackElo "2511"]
[Result "1-0"]
[Round "11"]
[TimeControl "180+1"]
[Date "2022.04.13"]
[WhiteClock "0:00:46"]
[BlackClock "0:01:39"]

1. d4 Nf6 2. Bf4 c5 3. e3 e6 4. c3 d5 5. Nd2 Bd6 6. Bg3 Qc7 7. Ngf3 Nbd7 8. Bd3 b6 9. Qa4 O-O 10. O-O-O Bb7 11. Kb1 a6 12. Bc2 b5 13. Bxd6 Qxd6 14. dxc5 Qxc5 15. Qh4 h6 16. g4 b4 17. g5 hxg5 18. Nxg5 g6 19. cxb4 Qc7 20. Rhg1 Rac8 21. Rc1 Ne5 22. f4 Nc4 23. Nxc4 dxc4 24. Nxe6 Qe7 25. Nxf8 Rxf8 26. f5 Be4 27. fxg6 Bxc2+ 28. Rxc2 Qe4 29. Qxf6 1-0


[Site "https://www.chess.com"]

[Event "Titled Tuesday Blitz April 12 Early 2022"]
[White "Jobava, Baadur"]
[Black "Obolenskikh, Dmitry"]
[WhiteFideId "13601520"]
[BlackFideId "4156013"]
[WhiteElo "2617"]
[BlackElo "2512"]
[Result "1/2-1/2"]
[Round "11"]
[TimeControl "180+1"]
[Date "2022.04.12"]
[WhiteClock "0:00:12"]
[BlackClock "0:00:27"]

1. e4 e5 2. Nf3 Nc6 3. d4 exd4 4. Nxd4 Bc5 5. Nxc6 Qf6 6. Qf3 bxc6 7. Nc3 d6 8. Bd2 Qxf3 9. gxf3 Ne7 10. h4 f5 11. h5 Be6 12. h6 g6 13. Bd3 O-O 14. Rh2 Bd4 15. Bg5 Kf7 16. O-O-O Bf6 17. f4 Bxc3 18. bxc3 fxe4 19. Bxe4 Bxa2 20. Re1 Rae8 21. Kd2 Bd5 22. Bd3 Nf5 23. Ra1 Ra8 24. c4 Be6 25. Kc3 Ke8 26. Ra6 Bc8 27. Ra5 Be6 28. Rh1 Kd7 29. Rha1 Rfb8 30. Rxa7 Rxa7 31. Rxa7 c5 32. Ra1 Nd4 33. Bf6 Rf8 34. Bg7 Rxf4 35. Bxg6 Ne2+ 36. Kd2 Bg8 37. Ra8 Bxc4 38. Bxh7 Rxf2 39. Ke3 Rh2 40. Bf5+ Kc6 41. h7 Ng3 42. Bg6 Bf7 43. Bd3 c4 44. h8=Q Rxh8 45. Bxh8 cxd3 46. Kxd3 Bg6+ 47. Kc3 Ne4+ 48. Kb2 Nc5 49. Rg8 Be4 50. Bd4 Ne6 51. Be3 Bd5 52. Rh8 Be4 53. Rh4 Bd5 54. c4 Bf3 55. Kc3 Be2 56. Kb4 Bf1 57. Rh6 Kd7 58. Rh7+ Kc6 59. Re7 Bh3 60. Rh7 Bf5 61. Rh5 Bg4 62. Rh4 Bf5 63. Rh6 Bg4 64. Rf6 Bh3 65. Ka5 Bg4 66. Ka6 Be2 67. Ka7 Bxc4 68. Kb8 Bd5 69. Rf1 Bc4 70. Rc1 d5 71. Bg1 Nc5 72. Bxc5 Kxc5 73. Kxc7 d4 74. Kd7 d3 75. Ke7 Kd4 76. Rd1 Bb3 77. Rxd3+ Kxd3 1/2-1/2


[Site "https://www.chess.com"]

[Event "Titled Tuesday Blitz April 12 Early 2022"]
[White "Kamsky, Gata"]
[Black "Kucuksari, Kaan"]
[WhiteFideId "2000024"]
[BlackFideId "6380166"]
[WhiteElo "2645"]
[BlackElo "2305"]
[Result "1-0"]
[Round "11"]
[TimeControl "180+1"]
[Date "2022.04.12"]
[WhiteClock "0:00:16"]
[BlackClock "0:00:04"]

1. e4 c5 2. Nf3 Nc6 3. d4 cxd4 4. Nxd4 Nf6 5. Nc3 e5 6. Ndb5 d6 7. Bg5 a6 8. Na3 b5 9. Nd5 Be7 10. Bxf6 Bxf6 11. c4 b4 12. Nc2 a5 13. g3 Bg5 14. Bg2 O-O 15. O-O Be6 16. b3 Kh8 17. Qd3 f5 18. exf5 Bxf5 19. Be4 Bh3 20. Rfe1 Ne7 21. Nxe7 Qxe7 22. Bxa8 Rxa8 23. Rad1 Rf8 24. f4 Qa7+ 25. Qe3 Qb7 26. Rd5 Bd8 27. Qf3 Bb6+ 28. Kh1 Be6 29. Rd3 e4 30. Rxe4 Bf5 31. Re2 Qc8 32. Rdd2 Bd7 33. Ne3 Bxe3 34. Qxe3 Bc6+ 35. Kg1 Ba8 36. Kf2 Qh3 37. Kg1 Qd7 38. Qe7 Qc8 39. Rxd6 Qc5+ 40. Rf2 Rg8 41. Qe5 Qc8 42. f5 Qb7 43. Rd5 a4 44. f6 gxf6 45. Qxf6+ Rg7 46. Qd8+ Rg8 47. Rf8 Qa7+ 48. Kf1 Qg7 49. Rxg8+ Qxg8 50. Qxg8+ Kxg8 51. Rd8+ 1-0


[Site "https://www.chess.com"]

[Event "Titled Tuesday Blitz April 12 Early 2022"]
[White "Kavyev, Ruslan"]
[Black "Skliarov, Viktor"]
[WhiteFideId "34110981"]
[BlackFideId "14106736"]
[WhiteElo "2182"]
[BlackElo "2229"]
[Result "1-0"]
[Round "11"]
[TimeControl "180+1"]
[Date "2022.04.13"]
[WhiteClock "0:00:17"]
[BlackClock "0:00:02"]

1. d4 Nf6 2. c4 e6 3. g3 c5 4. Nf3 cxd4 5. Nxd4 Nc6 6. Bg2 Qb6 7. Nxc6 bxc6 8. O-O h5 9. Nc3 h4 10. Qd2 hxg3 11. hxg3 Qb8 12. b3 Bc5 13. e3 Qe5 14. Bb2 Qh5 15. Rfe1 Qh2+ 16. Kf1 Rh5 17. Rad1 Rf5 18. Na4 Qxg3 19. Nxc5 Ng4 20. Ne4 Nh2+ 21. Ke2 Qxg2 22. Nd6+ Kf8 23. Nxf5 Qf3+ 24. Kd3 Qxf5+ 25. e4 Qf3+ 26. Kc2 Ng4 27. Kb1 a5 28. Qd6+ Kg8 29. Qe7 Ba6 30. Rxd7 Qxf2 31. Rh1 Nh2 32. Rd8+ Rxd8 33. Qxd8+ Kh7 34. Qd6 e5 35. Qxe5 f6 36. Qxh2+ Qxh2 37. Rxh2+ 1-0


[Site "https://www.chess.com"]

[Event "Titled Tuesday Blitz April 12 Early 2022"]
[White "Kazakouski, Valery"]
[Black "Zemlyanskii, Ivan"]
[WhiteFideId "13507443"]
[BlackFideId "24249971"]
[WhiteElo "2524"]
[BlackElo "1759"]
[Result "1-0"]
[Round "11"]
[TimeControl "180+1"]
[Date "2022.04.12"]
[WhiteClock "0:00:34"]
[BlackClock "0:00:15"]

1. d4 Nf6 2. c4 e6 3. Nc3 Bb4 4. f3 c5 5. d5 d6 6. e4 a6 7. Ne2 b5 8. Ng3 O-O 9. Be3 Re8 10. Be2 bxc4 11. Bxc4 exd5 12. Bxd5 Nxd5 13. Qxd5 Qc7 14. Rd1 Nc6 15. Qxd6 Qxd6 16. Rxd6 Ne5 17. Rd1 Be6 18. O-O Red8 19. Nd5 Nc4 20. Bc1 Bxd5 21. exd5 Nb6 22. a3 Ba5 23. d6 Rd7 24. Ne4 Rc8 25. g4 Nc4 26. b3 Ne5 27. Rd5 f6 28. Bb2 Nf7 29. b4 Bb6 30. bxc5 Ba7 31. Kg2 Nd8 32. Bxf6 Ne6 33. Be5 Nxc5 34. Rc1 Rb8 35. Nxc5 Rf7 36. d7 Rd8 37. Bc7 Rdf8 38. d8=Q Rxf3 39. Qe7 Rf2+ 40. Kh1 Bxc5 41. Qxc5 Ra2 42. Rd8 Rxd8 43. Bxd8 Re2 44. Qc4+ Kf8 45. Qxe2 1-0


[Site "https://www.chess.com"]

[Event "Titled Tuesday Blitz April 12 Early 2022"]
[White "Kejzar, Petra"]
[Black "Kakulidis, Ellen"]
[WhiteFideId "14610213"]
[BlackFideId "1444972"]
[WhiteElo "2003"]
[BlackElo "1852"]
[Result "1-0"]
[Round "11"]
[TimeControl "180+1"]
[Date "2022.04.13"]
[WhiteClock "0:00:34"]
[BlackClock "0:00:10"]

1. d4 d5 2. c4 e6 3. g3 Nf6 4. Bg2 Be7 5. Nf3 O-O 6. O-O c6 7. b3 b6 8. Bb2 Bb7 9. Nbd2 Na6 10. Rc1 c5 11. cxd5 Nxd5 12. e4 Nf6 13. e5 Nd5 14. Ne4 cxd4 15. Nxd4 Qd7 16. Qg4 Rac8 17. Rcd1 Qd8 18. h4 Nc5 19. h5 Nxe4 20. Bxe4 h6 21. Bb1 Ba6 22. Qe4 f5 23. exf6 Nxf6 24. Qxe6+ Kh8 25. Nf5 Qc7 26. Nxe7 Rfe8 27. Ng6+ Kh7 28. Qf5 Kg8 29. Rd7 Qc6 30. Rc1 Qxc1+ 31. Bxc1 Rxc1+ 32. Kh2 Nxd7 33. Qxd7 Rec8 34. Qe6+ Kh7 35. Ne7+ R8c2 36. Bxc2+ Rxc2 37. Qf5+ 1-0


[Site "https://www.chess.com"]

[Event "Titled Tuesday Blitz April 12 Early 2022"]
[White "Khamdamova, Afruza"]
[Black "Noboa Silva, Kevin"]
[WhiteFideId "14210444"]
[BlackFideId "3618471"]
[WhiteElo "1660"]
[BlackElo "2172"]
[Result "1-0"]
[Round "11"]
[TimeControl "180+1"]
[Date "2022.04.13"]
[WhiteClock "0:00:57"]
[BlackClock "0:00:07"]

1. e4 e6 2. d4 d5 3. Nd2 c5 4. Ngf3 Nc6 5. exd5 exd5 6. Bb5 Bd6 7. dxc5 Bxc5 8. O-O Ne7 9. Nb3 Bd6 10. Nbd4 O-O 11. b3 Bg4 12. Bb2 Rc8 13. Be2 Ng6 14. h3 Bd7 15. Nb5 Bb8 16. Qxd5 Nf4 17. Qd2 Bxh3 18. gxh3 Qxd2 19. Nxd2 Nxe2+ 20. Kg2 Nf4+ 21. Kf3 Nxh3 22. Ne4 f5 23. Ned6 Bxd6 24. Nxd6 Rc7 25. Rae1 Ng5+ 26. Kf4 Nf7 27. Ne8 g5+ 28. Kg3 f4+ 29. Kh2 Rc8 30. Nf6+ Kg7 31. Nd7+ Kg6 32. Nxf8+ Rxf8 33. Re6+ Kf5 34. Rf6+ Ke4 35. f3+ Ke3 36. Bc3 Ke2 37. Kg2 g4 38. Re1# 1-0


[Site "https://www.chess.com"]

[Event "Titled Tuesday Blitz April 12 Early 2022"]
[White "Khripachenko, Alexander"]
[Black "Shipov, Sergei"]
[WhiteFideId "54184975"]
[BlackFideId "4113624"]
[WhiteElo "2193"]
[BlackElo "2791"]
[Result "0-1"]
[Round "11"]
[TimeControl "180+1"]
[Date "2022.04.12"]
[WhiteClock "0:00:04"]
[BlackClock "0:00:33"]

1. e4 e6 2. d4 d5 3. Nd2 Be7 4. Bd3 c5 5. dxc5 Nf6 6. Qe2 a5 7. Ngf3 O-O 8. O-O Na6 9. e5 Nd7 10. c4 Ndxc5 11. Bb1 d4 12. Rd1 d3 13. Qe3 Nb4 14. Ne4 Qc7 15. Nxc5 Bxc5 16. Qe4 Rd8 17. Ng5 g6 18. Qh4 h5 19. Ne4 Be7 20. Bg5 Bxg5 21. Qxg5 Nc6 22. Nf6+ Kf8 23. Qh6+ Ke7 24. Qg5 Qxe5 25. Nd5+ Kf8 26. Qxe5 Nxe5 27. Nc7 Rb8 28. b3 g5 29. f3 b6 30. Kf2 Bb7 31. Nb5 Rbc8 32. Rd2 f5 33. Nc3 f4 34. a3 Kg7 35. Ba2 Kf6 36. Rad1 Rd4 37. Bb1 Rcd8 38. Nb5 R4d7 39. Nc3 Bc6 40. a4 Rd4 41. Na2 g4 42. fxg4 hxg4 43. Nc1 Be4 44. Re1 Bf5 45. Na2 Nc6 46. Nc3 Nb4 47. Nb5 R4d7 48. g3 e5 49. Nc3 Rh7 50. Kg2 Rdh8 51. Rh1 fxg3 52. Kxg3 Rh3+ 53. Kg2 g3 54. Kg1 e4 55. Nd1 gxh2+ 56. Rhxh2 Rxh2 57. Rxh2 Rxh2 58. Kxh2 Ke5 59. Kg3 Be6 60. Kf2 Kd4 61. Ne3 Kc3 62. Ke1 Kxb3 0-1


[Site "https://www.chess.com"]

[Event "Titled Tuesday Blitz April 12 Early 2022"]
[White "Korchmar, Vasiliy"]
[Black "Brodowski, Piotr"]
[WhiteFideId "24131750"]
[BlackFideId "1124480"]
[WhiteElo "2370"]
[BlackElo "2422"]
[Result "1-0"]
[Round "11"]
[TimeControl "180+1"]
[Date "2022.04.12"]
[WhiteClock "0:00:15"]
[BlackClock "0:00:16"]

1. d4 c5 2. d5 d6 3. Nc3 Nf6 4. e4 g6 5. Bb5+ Bd7 6. a4 Bxb5 7. axb5 Bg7 8. Nf3 O-O 9. O-O Nbd7 10. Qe2 Nb6 11. Rd1 Ne8 12. e5 Nc7 13. Bg5 Qd7 14. Ne4 f6 15. exf6 exf6 16. Bf4 Rfe8 17. Qd3 c4 18. Qd4 Nxb5 19. Nxf6+ Bxf6 20. Qxf6 Rf8 21. Qh4 Qf5 22. Bh6 Rfe8 23. Be3 Re4 24. Qh6 Nxd5 25. Ng5 Re7 26. h3 Nxe3 27. fxe3 a6 28. Rf1 Qe5 29. Rf3 Qg7 30. Qh4 Qxb2 31. Raf1 Qe5 32. Nf7 g5 33. Qh5 Qg7 34. Nh6+ Kh8 35. Nf5 Qe5 36. Nxe7 Qxe7 37. Rf7 Qxe3+ 38. Kh1 Qe4 39. Qh6 Rg8 40. Qf6+ 1-0


[Site "https://www.chess.com"]

[Event "Titled Tuesday Blitz April 12 Early 2022"]
[White "Kozak, Antoni"]
[Black "Pranav, V"]
[WhiteFideId "21832030"]
[BlackFideId "25060783"]
[WhiteElo "2236"]
[BlackElo "2349"]
[Result "0-1"]
[Round "11"]
[TimeControl "180+1"]
[Date "2022.04.12"]
[WhiteClock "0:00:01"]
[BlackClock "0:01:53"]

1. Nf3 Nf6 2. e3 g6 3. c4 Bg7 4. Nc3 O-O 5. d4 d6 6. Be2 Nbd7 7. O-O e5 8. b4 exd4 9. exd4 Re8 10. Bd3 a5 11. b5 Nf8 12. h3 Ne6 13. Be3 d5 14. Rc1 c6 15. c5 Nh5 16. Qd2 Qf6 17. Rfe1 Bd7 18. Ne5 Red8 19. Ng4 Qh4 20. Ne2 cxb5 21. Ne5 Bxe5 22. dxe5 d4 23. Bh6 Bc6 24. Rf1 g5 25. Ng3 Nxg3 26. fxg3 Qxh6 27. Rf6 Qg7 28. Rcf1 Be8 29. R1f5 Rd5 30. h4 Rxe5 31. Rxe6 Rxe6 32. Rxg5 Rg6 33. Bxg6 hxg6 34. h5 Rd8 35. hxg6 fxg6 36. Qxa5 Qe7 37. Re5 Qxe5 38. Qxd8 Kf7 39. Qc8 Bc6 40. Kh2 d3 41. Qd8 Qh5+ 42. Kg1 Qxc5+ 43. Kh2 Qd5 44. Qc7+ Ke6 45. Qc8+ Ke5 46. Qh8+ Kd6 0-1


[Site "https://www.chess.com"]

[Event "Titled Tuesday Blitz April 12 Early 2022"]
[White "Le, Tuan Minh"]
[Black "Nakamura, Hikaru"]
[WhiteFideId "12401153"]
[BlackFideId "2016192"]
[WhiteElo "2450"]
[BlackElo "2850"]
[Result "1/2-1/2"]
[Round "11"]
[TimeControl "180+1"]
[Date "2022.04.12"]
[WhiteClock "0:00:05"]
[BlackClock "0:00:20"]

1. d4 g6 2. e4 Bg7 3. Nf3 d6 4. Bc4 Nf6 5. Nc3 O-O 6. O-O Bg4 7. h3 Bxf3 8. Qxf3 Nc6 9. Ne2 e5 10. c3 Nd7 11. Rd1 Qe7 12. Bd5 Rae8 13. Be3 exd4 14. cxd4 Nd8 15. Nc3 c6 16. Bb3 Ne6 17. Rd2 Ng5 18. Qg4 Ne6 19. Rad1 Nc7 20. Qg3 Rd8 21. Bg5 Bf6 22. Bf4 Ne8 23. e5 Bh4 24. exd6 Qf6 25. Ne4 Bxg3 26. Nxf6+ Ndxf6 27. fxg3 Nxd6 28. d5 c5 29. Rc2 b6 30. Ba4 Nf5 31. Rcd2 Nd4 32. Be5 Ne4 33. Rd3 Rxd5 34. Bxd4 Rfd8 35. Bc6 cxd4 36. Bxd5 Rxd5 37. Rxd4 Re5 38. Re1 f5 39. g4 Kg7 40. gxf5 gxf5 41. Rd7+ Kg6 42. Rxa7 Rb5 43. b3 h5 44. Rb7 h4 45. Rc1 Kg5 46. Rg7+ Kf4 47. Rf1+ Ke3 48. Rf7 Ng3 49. Re7+ Kd3 50. Rf3+ Kd2 51. Rf2+ Kd3 52. Rf3+ Kd2 53. Rf2+ Kd3 54. Rf3+ 1/2-1/2


[Site "https://www.chess.com"]

[Event "Titled Tuesday Blitz April 12 Early 2022"]
[White "Lopez, Henry"]
[Black "Migot, Tangi"]
[WhiteFideId "5203830"]
[BlackFideId "662445"]
[WhiteElo "2177"]
[BlackElo "2530"]
[Result "0-1"]
[Round "11"]
[TimeControl "180+1"]
[Date "2022.04.13"]
[WhiteClock "0:00:03"]
[BlackClock "0:00:03"]

1. d4 Nf6 2. Nf3 e6 3. c4 d5 4. Nc3 Bb4 5. Qa4+ Nc6 6. Ne5 O-O 7. Nxc6 Bxc3+ 8. bxc3 Qe8 9. Ne7+ Qxe7 10. Ba3 Qe8 11. Qb4 c5 12. Qxc5 Nd7 13. Qb5 a6 14. Qb1 dxc4 15. Bxf8 Qxf8 16. a4 e5 17. e3 exd4 18. cxd4 c3 19. Qb3 b6 20. f3 Qe7 21. Kf2 Bb7 22. Qxc3 Rc8 23. Qd2 Qh4+ 24. Kg1 Nf6 25. Rc1 Re8 26. Rc7 Ba8 27. e4 Bxe4 28. fxe4 Nxe4 29. Qe3 Qd8 30. Rc1 Nc5 31. Qd2 Nb3 32. Qd1 Nxc1 33. h4 Na2 34. Bc4 Nb4 35. Qd2 a5 36. Rh3 Re7 37. Rf3 Qe8 38. Qf4 Nc6 39. Kh2 Nd8 40. d5 Qd7 41. Re3 Rxe3 42. Qxe3 Kf8 43. Qxb6 Qe7 44. Qd4 h5 45. d6 Qd7 46. Bb5 Qe6 47. Qc5 g6 48. d7+ Kg8 49. Qg5 Qb6 50. Qe7 Ne6 51. Kh3 Qd4 0-1


[Site "https://www.chess.com"]

[Event "Titled Tuesday Blitz April 12 Early 2022"]
[White "Madaminov, Mukhiddin"]
[Black "Demchenko, Anton"]
[WhiteFideId "14210703"]
[BlackFideId "4160258"]
[WhiteElo "1916"]
[BlackElo "2539"]
[Result "1-0"]
[Round "11"]
[TimeControl "180+1"]
[Date "2022.04.12"]
[WhiteClock "0:00:54"]
[BlackClock "0:00:19"]

1. d4 Nf6 2. Nc3 d5 3. Bf4 a6 4. e3 b5 5. Nf3 e6 6. Bd3 Bb7 7. Ne2 c5 8. c3 Nc6 9. Ng3 Bd6 10. O-O O-O 11. dxc5 Bxc5 12. e4 Re8 13. e5 Nd7 14. Re1 f5 15. Bxf5 Qb6 16. Bxh7+ Kxh7 17. Ng5+ Kg8 18. Qh5 Bxf2+ 19. Kh1 Bxe1 20. Qf7+ Kh8 21. Nh5 Re7 22. Qg6 Nf8 23. Nf7+ Rxf7 24. Qxf7 1-0


[Site "https://www.chess.com"]

[Event "Titled Tuesday Blitz April 12 Early 2022"]
[White "Maevsky, Nikolay"]
[Black "Derjabin, Ilja"]
[WhiteFideId "4198220"]
[BlackFideId "14104768"]
[WhiteElo "2126"]
[BlackElo "2341"]
[Result "0-1"]
[Round "11"]
[TimeControl "180+1"]
[Date "2022.04.12"]
[WhiteClock "0:00:03"]
[BlackClock "0:00:03"]

1. d4 Nf6 2. Nf3 c5 3. c3 cxd4 4. cxd4 d5 5. Nc3 Nc6 6. Bf4 e6 7. e3 Bd6 8. Bg3 Bxg3 9. hxg3 O-O 10. Bd3 Qb6 11. Qe2 Bd7 12. Rc1 Rac8 13. Bb1 h6 14. Kf1 Be8 15. Kg1 a6 16. Ne5 Nxe5 17. dxe5 Ne4 18. Bxe4 dxe4 19. Rh4 Bb5 20. Qg4 Bd3 21. Re1 Qxb2 22. Nxe4 Bxe4 23. Qxe4 b5 24. a4 Rc4 25. Qb1 Qxb1 26. Rxb1 Rxa4 27. Rxa4 bxa4 28. Ra1 Ra8 29. Rxa4 f6 30. exf6 gxf6 31. g4 Kf7 32. f4 Ke7 33. Ra5 Kd6 34. Kf2 Kc6 35. Ke2 Kb6 36. Rh5 a5 37. Kd2 Rc8 38. Rxh6 a4 39. Rxf6 a3 40. Rxe6+ Kb5 41. Re7 Ra8 42. Rb7+ Kc4 43. Rb1 a2 44. Ra1 Kb3 45. g5 Rd8+ 46. Ke2 Kb2 47. Rxa2+ Kxa2 48. g6 Kb3 49. f5 Rg8 50. e4 Kc4 51. Ke3 Kc5 52. e5 Kd5 53. Kf4 Rg7 54. g4 Rg8 55. e6 Kd6 56. Ke4 Rg7 57. Kf4 Rg8 58. Kg5 Ke7 59. Kh6 Kf6 60. Kh7 Rg7+ 61. Kh6 Ra7 62. g5+ Kxf5 63. g7 Ra8 64. e7 Re8 0-1


[Site "https://www.chess.com"]

[Event "Titled Tuesday Blitz April 12 Early 2022"]
[White "Maksimenko, Viktor"]
[Black "Sapunov, Evgeny"]
[WhiteFideId "13710478"]
[BlackFideId "4126661"]
[WhiteElo "2269"]
[BlackElo "2470"]
[Result "1/2-1/2"]
[Round "11"]
[TimeControl "180+1"]
[Date "2022.04.12"]
[WhiteClock "0:00:16"]
[BlackClock "0:00:14"]

1. d4 Nf6 2. c4 g6 3. Nc3 Bg7 4. e4 O-O 5. Nf3 d6 6. h3 a6 7. Be3 Nbd7 8. Be2 c5 9. O-O Rb8 10. Qc2 b6 11. Rad1 cxd4 12. Nxd4 Bb7 13. Rfe1 Rc8 14. Qb1 e6 15. Rd2 Qc7 16. Red1 Rfd8 17. Bd3 Ne5 18. b3 b5 19. Be2 bxc4 20. bxc4 Rb8 21. Rb2 Ba8 22. Rc1 Rxb2 23. Qxb2 Nxe4 24. Nxe4 Bxe4 25. Qd2 Rc8 26. Nb3 Qb7 27. Bf1 Bf8 28. Bd4 Nd7 29. Bb2 e5 30. Ba3 Qb6 31. Rd1 Nc5 32. Bxc5 dxc5 33. Re1 f5 34. Qc3 Bg7 35. Bd3 Ba8 36. Bf1 e4 37. Qe3 Bd4 38. Qf4 a5 39. Rd1 a4 40. Nc1 Qf6 41. Ne2 g5 42. Qd2 Rd8 43. Qc2 Bc6 44. Nc3 Bxc3 45. Rxd8+ Qxd8 46. Qxc3 Qd4 47. Qg3 h6 48. Qc7 Bd7 49. Qd8+ Kg7 50. Qe7+ Kg6 51. h4 gxh4 52. Qxh4 Be6 53. Qg3+ Kf6 54. Qh4+ Kg7 55. Qg3+ Kh7 56. Qc7+ Kg6 57. Qg3+ Kf7 58. Qc7+ Bd7 59. Qf4 Qf6 60. a3 Ke7 61. Qe3 Kd6 62. Qd2+ Kc6 63. Qa5 Qd4 64. Qxa4+ Kd6 65. Qa6+ Bc6 66. Qb6 e3 67. Qd8+ Bd7 68. Qf8+ Kc7 69. fxe3 Qxe3+ 70. Kh1 Bc6 71. Qg7+ Kb6 72. Qb2+ Ka6 73. Qe2 Qxe2 74. Bxe2 f4 75. Kg1 Ka5 76. Bd1 Be4 77. Kf2 Bc6 78. g3 fxg3+ 79. Kxg3 Be4 80. Kf4 Bg6 81. Ke5 Bf7 82. Kd6 Kb6 83. a4 Bxc4 84. a5+ Kxa5 85. Kxc5 Bf1 86. Kd4 Bh3 87. Ke3 Kb4 88. Kf4 Kc3 89. Kg3 Bf5 90. Bf3 Kd4 91. Kf4 Bg6 92. Bg2 Kd3 93. Kg3 Ke3 94. Kh4 Kf4 95. Ba8 Bf7 96. Bb7 Kf5 97. Ba8 Kf6 98. Bb7 Bg6 99. Ba8 Bf7 100. Bb7 Kg7 101. Ba8 Bg6 102. Bc6 Bf7 103. Ba8 Bg6 104. Bb7 Bf7 105. Ba8 1/2-1/2


[Site "https://www.chess.com"]

[Event "Titled Tuesday Blitz April 12 Early 2022"]
[White "Mangialardo, Tiago Carvalho"]
[Black "Legenia, Artem"]
[WhiteFideId "2130718"]
[BlackFideId "14136945"]
[WhiteElo "2042"]
[BlackElo "1936"]
[Result "0-1"]
[Round "11"]
[TimeControl "180+1"]
[Date "2022.04.13"]
[WhiteClock "0:02:06"]
[BlackClock "0:02:24"]

1. e4 d5 2. exd5 Qxd5 3. Nc3 Qa5 4. Bc4 Nf6 5. d3 Bg4 6. Ne2 Nc6 7. O-O Qh5 8. Qe1 O-O-O 9. Ng3 Qh4 10. h3 Bxh3 11. gxh3 Qxh3 12. Bxf7 Nd4 13. f3 e5 14. Qf2 Bc5 15. Be3 Rhf8 16. Bc4 Ng4 0-1


[Site "https://www.chess.com"]

[Event "Titled Tuesday Blitz April 12 Early 2022"]
[White "Martinez Alcantara, Jose Eduardo"]
[Black "Timofeev, Artyom"]
[WhiteFideId "3805662"]
[BlackFideId "4140419"]
[WhiteElo "2690"]
[BlackElo "2594"]
[Result "1-0"]
[Round "11"]
[TimeControl "180+1"]
[Date "2022.04.12"]
[WhiteClock "0:01:42"]
[BlackClock "0:00:35"]

1. e4 c5 2. Nf3 Nc6 3. Nc3 e5 4. Bc4 d6 5. d3 Be7 6. Nd5 Nf6 7. c3 O-O 8. O-O Nd7 9. a3 Nb6 10. b4 Be6 11. Ba2 Qd7 12. Be3 Rac8 13. Rb1 Na8 14. d4 exd4 15. cxd4 cxb4 16. axb4 Bg4 17. h3 Bh5 18. Nf4 Bxf3 19. Qxf3 Nb6 20. Nh5 Kh8 21. Rfd1 d5 22. exd5 Nd8 23. Rbc1 Rxc1 24. Rxc1 Qd6 25. b5 Qa3 26. Bb1 g6 27. Nf6 Qd6 28. Bf4 Qa3 29. Qxa3 Bxa3 30. Rc7 Kg7 31. Be5 Na8 32. Ng4+ 1-0


[Site "https://www.chess.com"]

[Event "Titled Tuesday Blitz April 12 Early 2022"]
[White "Matlakov, Maxim"]
[Black "Mikhailov, Viacheslav"]
[WhiteFideId "4168003"]
[BlackFideId "4187369"]
[WhiteElo "2669"]
[BlackElo "2381"]
[Result "1-0"]
[Round "11"]
[TimeControl "180+1"]
[Date "2022.04.12"]
[WhiteClock "0:00:15"]
[BlackClock "0:00:01"]

1. e4 d6 2. d4 Nf6 3. Bd3 g6 4. Nf3 Bg7 5. O-O O-O 6. c3 Bg4 7. Nbd2 c5 8. h3 Bxf3 9. Nxf3 cxd4 10. cxd4 Nc6 11. Be3 Nd7 12. Qd2 a6 13. Rac1 Rc8 14. Bc4 Qa5 15. Qe2 e5 16. dxe5 Ndxe5 17. Nxe5 dxe5 18. Bd5 Nd4 19. Qg4 Rxc1 20. Rxc1 h5 21. Qd1 Kh7 22. Rc4 f5 23. b4 Qd8 24. Bxb7 f4 25. Bxd4 exd4 26. Qf3 d3 27. Bd5 d2 28. Qd3 f3 29. Qxd2 fxg2 30. Kxg2 Be5 31. Rc6 Bf4 32. Qd3 Qg5+ 33. Kh1 Be5 34. Qe3 Qh4 35. Kg2 Qe7 36. Rxa6 Qg7 37. Ra7 Bc7 38. Qc5 Rc8 39. Be6 Qe7 40. Qxe7+ 1-0


[Site "https://www.chess.com"]